cohdb
Replays
Latest Replays
All Replays
Popular Replays
Top Player Replays
Match Explorer
How It Works
Community
CoH3 Stats
Reddit
Sign in to upload your games and track your stats! →
Sign in with Steam
Match 39336287
Unlisted
Match 39336287
Overview
Messages
Build Orders
End
Construct Section Command Post
Dingo Light Scout Car
ML 3-inch Mortar Team
Infantry Section
Selects Heavy Armor Battlegroup
Selects Engineer Detachments
Royal Engineer Section
Infantry Section
Infantry Section
Construct Platoon Command Post
Grenade Package
Infantry Training
Selects Crusader AA Medium Tank
Crusader AA Medium Tank
6-pounder Anti-tank Gun Team
Crusader AA Medium Tank
Royal Engineer Section
Royal Engineer Section
Selects UNKNOWN (2162094)
Armored Vehicle Training
pp123p
抖音呆呆河马-英3小程序
Arces
mansonchan
午睡红茶
QWQ
TnT.PP
L1mbo
0
0
Comments
sign in to comment!
No comments posted yet!